 Dungeon Crawl Stone Soup version 0.29.1-1-gd02db6906a (webtiles) character file.

Game seed: 193992795376214856

100 groovy9 the Conjurer (level 4, 0/24 HPs)
             Began as a Deep Elf Conjurer on Sept 24, 2022.
             Slain by an orc priest
             ... wielding a +0 whip
              (5 damage)
             ... on level 2 of the Dungeon.
             The game lasted 00:05:05 (2292 turns).

groovy9 the Conjurer (Deep Elf Conjurer)            Turns: 2292, Time: 00:05:06

Health: 0/24       AC:  2    Str: 10    XL:     4   Next: 46%
Magic:  8/13       EV: 27    Int: 28    God:
Gold:   47         SH:  0    Dex: 13    Spells: 6/13 levels left

rFire   . . .      SeeInvis .   r - +6 hand axe of the Poles {speed, Str+6 Int+3}
rCold   . . .      Faith    .   (no shield)
rNeg    . . .      Spirit   .   a - +0 robe
rPois   .          Reflect  .   (no helmet)
rElec   .          Harm     .   (no cloak)
rCorr   .          Rampage  .   (no gloves)
Will    .....                   (no boots)
Stlth   ++........              f - amulet of the acrobat
HPRegen 0.08/turn               (no ring)
MPRegen 0.13/turn               (no ring)

@: acrobatic
A: no striking features
a: no special abilities


You were on level 2 of the Dungeon.
You visited 1 branch of the dungeon, and saw 3 of its levels.

You collected 47 gold pieces.

Inventory:

Hand Weapons
 r - the +6 hand axe of the Poles (weapon) {speed, Str+6 Int+3}
   (You found it on level 2 of the Dungeon)

   Attacks with this weapon are significantly faster.
   Str:       It affects your strength (+6).
   Int:       It affects your intelligence (+3).
Armour
 a - a +0 robe (worn)
Jewellery
 f - an amulet of the acrobat (around neck)
Wands
 k - a wand of paralysis (3)
Scrolls
 g - a scroll of teleportation {unknown}
 l - a scroll of poison {unknown}
 n - a scroll of silence {unknown}
 o - a scroll of vulnerability {unknown}
Potions
 b - 2 potions of magic
 d - a potion of brilliance {unknown}
 e - a potion of ambrosia
 h - 2 potions of invisibility
 i - a potion of heal wounds {unknown}
 j - a potion of curing {unknown}
 m - 2 potions of lignification {unknown}
 p - a potion of degeneration {unknown}
 q - a potion of cancellation {unknown}


   Skills:
 + Level 0.0 Axes
 - Level 2.4 Dodging
 - Level 2.4 Stealth
 - Level 5.0 Spellcasting
 - Level 5.5 Conjurations
 - Level 0.3 Translocations


You had 6 spell levels left.
You knew the following spells:

 Your Spells              Type           Power      Damage    Failure   Level
a - Magic Dart            Conj           100%       1d8       1%          1
b - Searing Ray           Conj           74%        2d7       1%          2
c - Iskenderun's Mystic   Conj/Tloc      23%        2d6       21%         4

Your spell library contained the following spells:

 Spells                   Type           Power      Damage    Failure   Level
 Dazzling Flash           Conj/Hex       44%        N/A       6%          3
 Fulminant Prism          Conj/Hex       11%        3d9       22%         4


Dungeon Overview and Level Annotations

Branches:
Dungeon (3/15)

Altars:
Kikubaaqudgha


Message History

Search for what [Enter for "gloves", or ? for help]? boots Can't find anything matching that.
Search for what [Enter for "boots", or ? for help]? ring Unknown command.
(D) Dungeon
Where to? (Enter - D:2, ? - help)
There is a stone staircase leading down here.
You climb downwards.
The orc shouts!
The orc priest shouts!
The orc wizard shouts!
The ball python hisses angrily.
Found 4 stones and 7 gold pieces.
Found a stone staircase leading up.
There is a stone staircase leading up here.
There are monsters nearby!
The orc wizard gestures at you while chanting.
The magic dart hits you. The orc priest hits you with a +0 whip.
The orc barely misses you.
You climb upwards.
There is a stone staircase leading down here.
Casting: Magic Dart (safe; 1% risk of failure)
Confirm with . or Enter, or press ? or * to list all spells.
Aiming: Searing Ray (safe; 1% risk of failure)
Press: ? - help, Shift-Dir - straight line The searing ray misses the orc priest. (Press . to maintain the ray.)
The orc priest hits you with a +0 whip. The orc completely misses you.
The searing ray hits the orc priest.
The orc priest is moderately wounded.
The orc priest completely misses you. The orc completely misses you.
The searing ray hits the orc priest.
The orc priest is heavily wounded.
The orc priest completely misses you. The orc completely misses you.
The searing ray hits the orc priest but does no damage.
The orc priest is heavily wounded.
You finish channelling your searing ray.
The orc priest hits you with a +0 whip!
* * * LOW HITPOINT WARNING * * *
The orc hits you with a +0 club.
* * * LOW HITPOINT WARNING * * *
The orc priest hits you with a +0 whip.
You die...

###########........
#..............#.#.
######'########.....#...
#......)<.....#..##.#...
#........####.#..##.###.
#...........#.#...#.....
######....#.#.#.#.######
#......#...........
##@#.#.....#.######
#oo..######.....##
#.................
#.#.............##
#.#...#.##########
#.#...#.#...<.....
#.##....#.........
#.....#.#..##.....
####.##....#......


You could see an orc priest and an orc.

Vanquished Creatures
  6 adders (D:2)
  A dart slug (D:2)
  3 bats (D:1)
  6 endoplasms (D:1)
  A giant cockroach (D:2)
  5 goblins
  3 hobgoblins (D:1)
  2 kobolds (D:2)
  2 quokkas (D:1)
  8 ball pythons
  2 frilled lizards (D:1)
  2 rats (D:2)
41 creatures vanquished.

Notes
Turn   | Place    | Note
-------+----------+-------------------------------------------
     0 | D:1      | groovy9 the Deep Elf Conjurer began the quest for the Orb.
     0 | D:1      | Reached XP level 1. HP: 10/10 MP: 6/6
   190 | D:1      | Reached XP level 2. HP: 15/15 MP: 5/8
  1174 | D:2      | Reached skill level 5 in Conjurations
  1174 | D:2      | Reached XP level 3. HP: 19/19 MP: 8/10
  1310 | D:2      | Learned a level 2 spell: Searing Ray
  1541 | D:2      | Reached XP level 4. HP: 24/24 MP: 9/12
  1889 | D:2      | Learned a level 4 spell: Iskenderun's Mystic Blast
  1987 | D:2      | Reached skill level 5 in Spellcasting
  2015 | D:2      | Found an ancient bone altar of Kikubaaqudgha.
  2153 | D:2      | Identified the +6 hand axe of the Poles {speed, Str+6
                  | Int+3}
  2292 | D:2      | Slain by an orc priest

Illustrated notes

Levels and vault maps discovered:
D:1:      scummos_arrival_star, layout_loops_ring
D:2:      layout_basic, basic_altar, minmay_misc_feat_secret_circle,
          minmay_snake_closets
D:3:      layout_rooms, grunt_decor_fettered, chequers_serial_rivers_room_b,
          uniq_natasha, uniq_grinder, uniq_sigmund

Skill      XL: |  1  2  3  4 |
---------------+-------------+-----
Spellcasting   | 4 5 |  5.0
Conjurations   | 5 |  5.5
Dodging        | |  2.4
Stealth        | |  2.4
Translocations | |  0.3

Action                   |  1- 3 |  4- 6 || total
-------------------------+-------+-------++-------
 Cast: Magic Dart        |    58 |    12 ||    70
       Searing Ray       |     3 |     5 ||     8
  Use: Scroll            |     3 |       ||     3
Armor: Robe              |     1 |       ||     1
Dodge: Dodged            |     3 |     7 ||    10
